 Dungeon Crawl Stone Soup version 0.22-a0-422-g9628fc8 (webtiles) character file.

131 Jinx the Grave Robber (level 4, 0/34 HPs)
             Began as a Mummy Necromancer on May 16, 2018.
             Slain by Grinder (8 damage)
             ... while paralysed by Grinder
             ... on level 3 of the Dungeon.
             The game lasted 00:06:47 (2212 turns).

Jinx the Grave Robber (Mummy Necromancer)           Turns: 2212, Time: 00:06:48

Health: 0/34       AC:  2    Str: 11    XL:     4   Next: 91%
Magic:  7/8        EV:  2    Int: 15    God:
Gold:   106        SH:  0    Dex: 12    Spells: 4/8 levels left

rFire    x . .     SeeInvis .   d - +0 whip
rCold    + . .     Gourm    .   (no shield)
rNeg     + + +     Faith    .   a - +0 robe
rPois    ∞         Spirit   .   (no helmet)
rElec    .         Reflect  .   (no cloak)
rCorr    .         Harm     .   (no gloves)
MR       .....                  (no boots)
Stlth    ++........             (no amulet)
HPRegen  0.11/turn              (no ring)
MPRegen  0.11/turn              (no ring)

@: paralysed
A: no food or potions, fire vulnerability, cold resistance 1, negative energy
resistance 3, torment resistance, unbreathing
a: no special abilities


You were on level 3 of the Dungeon.
You were not hungry.

You visited 1 branch of the dungeon, and saw 3 of its levels.

You collected 106 gold pieces.

Inventory:

Hand Weapons
 d - a +0 whip (weapon)
Missiles
 b - 78 stones (quivered)
Armour
 a - a +0 robe (worn)
Jewellery
 e - an uncursed amulet of regeneration {unknown}
Wands
 f - a wand of polymorph (10)
Scrolls
 c - 5 scrolls of identify {unknown}
 g - a scroll of fear {unknown}
 h - 2 scrolls of enchant armour {unknown}
 i - a scroll of teleportation {unknown}


   Skills:
 + Level 2.7 Fighting
 + Level 1.4 Maces & Flails
 - Level 1.5 Dodging
 - Level 1.5 Stealth
 - Level 2.6 Spellcasting
 + Level 5.0 Necromancy


You had 4 spell levels left.
You knew the following spells:

 Your Spells              Type           Power        Failure   Level  Hunger
a - Pain                  Necr           ###.         2%          1    N/A
b - Vampiric Draining     Necr           ###.......   8%          3    N/A

Your spell library contained the following spells:

 Spells                   Type           Power        Failure   Level  Hunger
 Animate Dead             Necr           N/A          26%         4    N/A
 Animate Skeleton         Necr           N/A          2%          1    N/A
 Regeneration             Chrm/Necr      #.........   22%         3    N/A

Dungeon Overview and Level Annotations

Branches:
Dungeon (3/15)

Altars:
Hepliaklqana
Yredelemnul

Annotations:
D:2 Sigmund
D:3 Grinder


Innate Abilities, Weirdness & Mutations

You do not eat or drink.
Your flesh is vulnerable to fire.
You are immune to poison.
Your flesh is cold resistant. (rC+)
You are immune to negative energy. (rN+++)
You are immune to unholy pain and torment.
You can survive without breathing.


Message History

Aiming: Vampiric Draining (safe; 8% risk of failure)
Press: ? - help, Shift-Dir - straight line, f - Grinder
Aim: Grinder You can't drain life from that!
You see here a scroll labeled GYDDYT UNIEK.
Casting: Vampiric Draining (safe; 8% risk of failure)
Confirm with . or Enter, or press ? or * to list all spells.
You can't see any susceptible monsters within range! (Use Z to cast anyway.)
You hit Grinder but do no damage. Grinder closely misses you.
You hit Grinder.
Grinder is lightly wounded.
Grinder hits you.
* * * LOW HITPOINT WARNING * * *
You barely miss Grinder.
Grinder is lightly wounded.
Grinder gestures at you.
You suddenly lose the ability to move!
Grinder completely misses you. Grinder hits you!
You die...

!..## #.##.##......#
....####........###.###
....'.................
....##...#####.####.#.
##..................#
.......#.#####......#
.#.###.#..#.........#
.+...............####
#+###†#....##.#@#
...#..####.#5#
..##.#...# #.#?## ...
#.#...###+#..# ..
#...........%# #
##.....#.....#
#.....#.....#
...#.......
...#.#..#.####


You could see Grinder.

Vanquished Creatures
  An iguana (D:3)
  4 adders
  An ooze (D:1)
  2 worms (D:2)
  3 dart slugs
  5 bats
  A giant cockroach (D:3)
  11 goblins
  7 hobgoblins
  4 jackals
  A quokka (D:3)
  4 frilled lizards
  6 kobolds
  4 rats
54 creatures vanquished.

Notes
Turn   | Place    | Note
-------+----------+-------------------------------------------
     0 | D:1      | Jinx the Mummy Necromancer began the quest for the Orb.
     0 | D:1      | Reached XP level 1. HP: 13/13 MP: 4/4
   290 | D:1      | Reached skill level 1 in Fighting
   290 | D:1      | Reached XP level 2. HP: 20/21 MP: 0/5
  1212 | D:2      | Reached XP level 3. HP: 27/27 MP: 1/7
  1702 | D:2      | Learned a level 3 spell: Vampiric Draining
  1736 | D:2      | Reached XP level 4. HP: 33/33 MP: 0/8
  1865 | D:2      | Noticed Sigmund
  1933 | D:3      | Reached skill level 1 in Maces & Flails
  2062 | D:3      | Found a hazy altar of Hepliaklqana.
  2062 | D:3      | Found a basalt altar of Yredelemnul.
  2163 | D:3      | Reached skill level 5 in Necromancy
  2180 | D:3      | Noticed Grinder
  2191 | D:3      | Paralysed by Grinder for 7 turns
  2199 | D:3      | Paralysed by Grinder for 3 turns
  2210 | D:3      | Paralysed by Grinder for 3 turns
  2212 | D:3      | Slain by Grinder

Vault maps used:
D:1:      kennysheep_arrival_forest
D:2:      kennysheep_the_goblin_king, first_ration, kennysheep_doodads,
          minmay_split_cup_small, uniq_sigmund
D:3:      gammafunk_temple_overflow_wave, portal_sewer_entry_f, corner_web_ring,
          uniq_grinder

Skill      XL: |  1  2  3  4 |
---------------+-------------+-----
Fighting       | 1 2 |  2.7
Maces & Flails | 1 |  1.4
Necromancy     | 5 |  5.0
Dodging        | |  1.5
Stealth        | |  1.5
Spellcasting   | |  2.6

Action                   |  1- 3 |  4- 6 || total
-------------------------+-------+-------++-------
Melee: Unarmed           |    32 |       ||    32
       Whip              |    10 |    42 ||    52
 Cast: Pain              |    73 |    24 ||    97
       Vampiric Draining |       |     1 ||     1
Armor: Robe              |     7 |    10 ||    17
Dodge: Dodged            |    34 |    32 ||    66

Table legend:
 A = Spawn XP
 B = Non-spawn XP
 C = Spawn XP percentage of total XP
 D = Spawn monster count
 E = Non-spawn monster count
 F = Spawn count percentage of total count
 G = Total turns spent on level
                    A         B        C        D         E        F      G
               +---------+---------+-------+---------+---------+-------+---------
         Total |       0 |     188 |   0.0 |       0 |      54 |   0.0 |  2212
               +---------+---------+-------+---------+---------+-------+---------
           D:1 |       0 |      34 |   0.0 |       0 |      17 |   0.0 |  1176
           D:2 |       0 |      67 |   0.0 |       0 |      21 |   0.0 |   697
           D:3 |       0 |      87 |   0.0 |       0 |      16 |   0.0 |   339
               +---------+---------+-------+---------+---------+-------+---------
